Map: Golden Wall LE

Players

ShoWTimE - Winner!

  • Race: Protoss Protoss
  • Spawn Location: 5:00

Serral

  • Race: Zerg Zerg
  • League: Master
  • Spawn Location: 7:00

Event: DreamHack SC2 Masters 2020 Summer Europe

VOD

Have the link to the VOD?

Description

Time

  • Played on: July 7, 2020, 2:59 p.m.
  • Length: 7:18

All games in this series

Show
View Real Time Build Order
Export as new Build Order

ShoWTimE Protoss - Winner!

Build Orders: 1 Gate Expand, Oracle Opening 

Get SALT Encoding   

  12  0:00  Probe  
  13  0:12  Probe  
  14  0:18  Pylon  
  14  0:24  Probe  
  15  0:32  Probe  
  15  0:39  Gateway  
  15  0:40  Probe  
  16  0:46  Assimilator  
  17  0:51  Probe  
  18  0:59  Probe  
  19  1:07  Probe  
  19  1:17  Probe  
  21  1:27  Nexus  
  21  1:37  Cybernetics Core  
  21  1:45  Assimilator  
  21  1:46  Probe  
  22  1:52  Pylon  
  22  1:58  Probe  
  23  2:03  Stalker  
  23  2:10  Probe  
  26  2:18  Stargate  
  27  2:22  Probe  
  27  2:28  Warp Gate  
  27  2:33  Zealot  
  27  2:34  Probe  
  30  2:39  Probe  
  31  2:47  Probe  
  31  2:50  Pylon  
  31  2:51  Probe  
  33  2:54  Oracle  
  33  2:59  Probe  
  33  3:03  Probe  
  38  3:11  Probe  
  39  3:15  Probe  
  39  3:17  Gateway  
  40  3:22  Gateway, Oracle  
  40  3:24  Probe  
  41  3:27  Probe  
  45  3:37  Probe  
  45  3:39  Probe  
  47  3:42  Pylon  
  47  3:50  Probe  
  47  3:51  Probe  
  49  3:59  Twilight Council  
  49  4:01  Gateway  
  49  4:02  Probe  
  50  4:03  Probe  
  50  4:06  Resonating Glaives  
  51  4:10  Pylon  
  51  4:11  Assimilator  
  51  4:14  Assimilator  
  53  4:18  Adept  
  53  4:21  Adept x2  
  53  4:23  Probe  
  58  4:24  Probe  
  59  4:32  Pylon  
  59  4:35  Probe  
  59  4:36  Probe  
  61  4:47  Probe  
  61  4:48  Adept x3, Probe  
  69  4:56  Adept  
  69  4:57  Robotics Facility  
  71  5:08  Pylon  
  71  5:12  Adept x3  
  77  5:19  Pylon  
  77  5:26  Gateway  
  77  5:28  Gateway  
  77  5:32  Adept x3  
  83  5:37  Adept  
  83  5:41  Immortal  
  86  5:53  Adept x2  
  90  6:00  Adept x2  
  91  6:10  Immortal  
  87  6:18  Gateway  
  87  6:19  Gateway  
  87  6:25  Adept x3  
  93  6:38  Warp Prism  
  85  6:49  Sentry x2  
  85  6:50  Sentry x2  
  89  6:56  Sentry x2  
  89  7:00  Pylon  
  91  7:01  Pylon  
  91  7:06  Pylon  
  91  7:12  Adept  
Show
View Real Time Build Order
Export as new Build Order

Serral Zerg 

Build Orders: Hatch First 

Get SALT Encoding   

  12  0:00  Drone  
  13  0:12  Overlord  
  13  0:17  Drone  
  14  0:31  Drone x2  
  16  0:49  Hatchery  
  15  0:51  Drone  
  15  0:55  Drone  
  17  0:59  Drone  
  18  1:08  Extractor  
  17  1:14  Spawning Pool  
  17  1:17  Drone  
  17  1:21  Drone  
  18  1:28  Drone  
  20  1:40  Drone  
  20  1:49  Drone  
  21  2:00  Overlord  
  21  2:01  Queen x2  
  21  2:02  Zergling x2  
  26  2:15  Metabolic Boost  
  26  2:18  Drone x2  
  30  2:22  Drone x2  
  30  2:33  Drone x2  
  32  2:42  Hatchery  
  31  2:46  Overlord  
  31  2:49  Drone  
  32  2:54  Pneumatized Carapace  
  32  2:59  Drone  
  32  3:00  Drone  
  34  3:06  Queen  
  34  3:08  Drone  
  34  3:10  Drone  
  34  3:12  Drone  
  39  3:14  Drone  
  40  3:20  Drone x2  
  40  3:23  Overlord  
  40  3:26  Overlord  
  42  3:32  Drone  
  43  3:37  Drone  
  44  3:42  Queen  
  44  3:44  Drone x5  
  50  3:52  Drone x3  
  51  3:56  Spore Crawler  
  51  4:00  Spore Crawler  
  51  4:01  Spore Crawler  
  48  4:05  Queen  
  48  4:07  Drone  
  51  4:13  Overlord  
  51  4:14  Drone  
  52  4:18  Spore Crawler  
  52  4:19  Extractor x2  
  52  4:20  Drone, Spore Crawler  
  52  4:21  Drone  
  52  4:26  Drone x2  
  52  4:27  Drone  
  52  4:28  Overlord  
  52  4:29  Drone x2  
  52  4:30  Drone  
  60  4:32  Drone  
  60  4:37  Overlord  
  60  4:38  Drone x2  
  63  4:42  Roach Warren  
  61  4:48  Drone x2, Lair  
  61  4:51  Drone, Extractor  
  64  4:52  Drone  
  64  4:56  Drone  
  64  4:57  Extractor  
  64  4:58  Evolution Chamber, Drone x2  
  65  5:03  Drone x3  
  65  5:06  Extractor  
  67  5:08  Drone  
  67  5:10  Drone  
  67  5:13  Overlord  
  68  5:16  Overlord  
  68  5:21  Extractor  
  68  5:22  Drone x3  
  68  5:24  Roach x4  
  68  5:28  Roach  
  80  5:30  Evolution Chamber, Roach  
  81  5:38  Evolution Chamber, Queen x2  
  81  5:42  Roach x2  
  88  5:46  Queen  
  88  5:49  Glial Reconstitution  
  90  5:51  Roach x2  
  90  5:55  Evolution Chamber  
  87  5:59  Roach x2  
  78  6:06  Roach x3  
  78  6:13  Roach x3  
  78  6:14  Queen  
  81  6:22  Roach x4  
  81  6:24  Evolution Chamber  
  80  6:30  Roach x2  
  78  6:37  Roach x2  
  60  6:57  Roach x3  
  60  6:59  Drone x2  
  62  7:02  Drone  
  63  7:08  Ravager  
  63  7:11  Ravager  
  63  7:12  Ravager  
Tags
 
Add a new tag
Caveats
  • Supply blocks, unpowered buildings, or Contaminate may cause inaccurate times.
  • Supply counts are checked every 10 seconds.